 Dungeon Crawl Stone Soup version 0.26-a0-753-g4680b4fa2e (webtiles) character file.

Game seed: 1930924491270425631

5102 MordorOrchid the Frost Mage (level 10, -5/73 HPs)
             Began as a Black Draconian Ice Elementalist on Oct 24, 2020.
             Was a Priest of Sif Muna.
             Slain by an ettin
             ... wielding a +0 dire flail
              (14 damage)
             ... on level 1 of the Orcish Mines on Nov 7, 2020.
             The game lasted 00:35:42 (8543 turns).

MordorOrchid the Frost Mage (DrIE)                  Turns: 8543, Time: 00:35:42

Health: -5/73      AC: 13    Str: 12    XL:     10   Next: 32%
Magic:  11/21      EV: 14    Int: 18    God:    Sif Muna [***...]
Gold:   551        SH:  0    Dex: 11    Spells: 9/24 levels left

rFire    + . .     SeeInvis .   w - +0 rapier
rCold    + . .     Faith    .   (no shield)
rNeg     . . .     Spirit   .   (armour unavailable)
rPois    .         Reflect  .   M - +2 hat
rElec    +         Harm     .   (no cloak)
rCorr    .         Rampage  .   G - +0 pair of gloves
MR       .....                  o - +2 pair of boots
Stlth    ++........             (no amulet)
HPRegen  0.22/turn              K - ring of protection from cold
MPRegen  0.17/turn              u - ring of protection from fire

@: about to teleport
A: breathe lightning, unfitting armour, electricity resistance, cold-blooded, AC
+7
a: Breathe Lightning, Channel Magic, Forget Spell, Renounce Religion


You were on level 1 of the Orcish Mines.
You worshipped Sif Muna.
Sif Muna was most pleased with you.
You visited 2 branches of the dungeon, and saw 10 of its levels.

You collected 551 gold pieces.

Inventory:

Hand Weapons
 j - a +0 hunting sling
 r - a +1 antimagic dagger
 w - a +0 rapier (weapon)
 y - a +1 dagger of venom
 B - a +3 trident
 L - a +2 dagger of distortion
 N - a +0 dagger of draining
 T - a +0 hand crossbow
Missiles
 b - 26 poisoned darts
 f - 45 bolts
 k - 200 arrows
 t - 181 sling bullets
 D - 5 atropa-tipped darts
 H - 13 boomerangs (quivered)
 P - a throwing net
 X - 4 datura-tipped darts
Armour
 h - a +0 kite shield
 o - a +2 pair of boots (worn)
 G - a +0 pair of gloves (worn)
 M - a +2 hat (worn)
Jewellery
 u - a ring of protection from fire (right hand)
 v - an uncursed ring of flight
 C - an uncursed amulet of faith
 K - a ring of protection from cold (left hand)
 S - an uncursed ring of stealth
Wands
 J - a wand of acid (7)
 W - a wand of random effects (16)
Scrolls
 a - a scroll of fog
 e - 4 scrolls of amnesia
 g - 5 scrolls of teleportation
 i - 13 scrolls of remove curse
 m - a scroll of enchant weapon {unknown}
 n - 2 scrolls of enchant armour
 s - a scroll of magic mapping {unknown}
 O - a scroll of fear {unknown}
 R - a scroll of brand weapon {unknown}
 V - a scroll of holy word {unknown}
Potions
 c - a potion of resistance
 d - 3 potions of flight
 l - 2 potions of berserk rage
 p - 2 potions of might {unknown}
 q - 3 potions of brilliance {unknown}
 x - a potion of cancellation {unknown}
 z - 3 potions of lignification {unknown}
 A - 5 potions of curing
 E - 2 potions of heal wounds {unknown}
 F - a potion of mutation {unknown}
 I - 2 potions of degeneration
 Q - a potion of ambrosia {unknown}


   Skills:
 - Level 2.0 Fighting
 * Level 4.7 Dodging
 - Level 3.0 Stealth
 * Level 4.7 Shields
 + Level 7.5 Spellcasting
 * Level 3.7 Conjurations
 * Level 4.3 Summonings
 * Level 9.6 Ice Magic
 * Level 0.5 Invocations
 * Level 0.5 Evocations


You had 9 spell levels left.
You knew the following spells:

 Your Spells              Type           Power        Failure   Level
a - Freeze                Ice            ####         1%          1
b - Frozen Ramparts       Ice            #####.       1%          3
r - Hailstorm             Conj/Ice       ####....     7%          4
s - Summon Ice Beast      Ice/Summ       ####....     6%          4
y - Ozocubu's Armour      Ice            #####...     1%          3

Your spell library contained the following spells:

 Spells                   Type           Power        Failure   Level


Dungeon Overview and Level Annotations

Branches:
Dungeon (9/15)             Temple (0/1) D:6             Orc (1/2) D:9
   Lair: D:8-11

Altars:
Ashenzari
Dithmenos
Elyvilon
Gozag
Kikubaaqudgha
Makhleb
Nemelex Xobeh
Okawaru
Ru
Sif Muna
Trog
Uskayaw
Wu Jian
Xom
Zin
The Shining One

Shops:
D:4 *

Portals:
Abyss: D:6

Annotations:
D:6 2 transporters, Scypier's ghost, novice HOMo


Innate Abilities, Weirdness & Mutations

You can breathe wild blasts of lightning.
Your glossy black scales are hard. (AC +7)
You cannot fit into any form of body armour.
You are resistant to electric shocks. (rElec)
You are cold-blooded and may be slowed by cold attacks.


Message History

The wall freezes the orc warlord.
Your ice beast barely misses the ettin.
The wall freezes the ettin.
The ettin hits you with a +0 dire flail!!!
Ouch! That really hurt!
* * * LOW HITPOINT WARNING * * *
The ettin hits you with a +0 dire flail.
* * * LOW HITPOINT WARNING * * *
You hear a shout! x4
The wall freezes the orc warlord.
Your ice beast hits the ettin but does no damage.
The wall freezes the ettin.
The wall freezes the warg.
The wall freezes the warg!
The frozen ramparts melt away.
An orc priest and an orc wizard come into view.
The orc wizard no longer looks unusually strong.
A troll comes into view.
As you read the scroll of teleportation, it crumbles to dust.
You feel strangely unstable.
The ettin hits you with a +0 dire flail!
You die...

.........#.#...#
.....#......## .##
........$#....## #
#.#............##
##.#.$..........##
#......o..##...#.##
.......o##.)......#
........)o†..T...##
........@#.......##
#..#..C###Yo.....#
#.....##.....##
##.....#.#...##
##....o......##.#...
#..........<.......
#......O............
##.............#.#.#
..##.###..>...## #


You could see an ettin, a troll (wandering), an orc priest (strong) and 2 orc
wizards.

Vanquished Creatures
  Pikel (D:7)
  Prince Ribbit (D:5)
  A warg (Orc:1)
  A nameless horror (D:7)
  An orc warrior (D:9)
  4 sky beasts
  An eye of draining (D:9)
  A black bear (D:9)
  A necrophage (D:7)
  An ice beast (D:5)
  A hornet zombie (D:9)
  3 ogres
  2 centaurs
  2 lemures (D:7)
  A big kobold (D:7)
  A bullfrog (D:9)
  A gnoll sergeant (D:9)
  2 scorpions
  4 killer bees (D:7)
  3 howler monkeys (D:7)
  A quasit (D:9)
  A centaur zombie (D:9)
  2 hounds (D:9)
  10 orc priests
  2 jellies
  13 orc wizards
  2 bullfrog skeletons
  13 worker ants
  Natasha (thrice) (D:2)
  A hound zombie (D:6)
  7 gnolls
  2 worker ant zombies
  6 adders
  2 white imps
  An ufetubus (D:7)
  2 oozes
  An adder zombie (D:5)
  A worm (D:4)
  6 leopard geckos
  32 orcs
  2 bats
  6 goblins
  8 hobgoblins
  4 jackals
  3 quokkas
  A ball python (D:5)
  7 frilled lizards
  9 kobolds
  2 leopard gecko skeletons (D:7)
  7 rats
190 creatures vanquished.

Vanquished Creatures (collateral kills)
  Harold (D:7)
  Joseph (D:7)
  2 bullfrogs (D:9)
  A bullfrog skeleton (D:9)
  A bullfrog zombie (D:8)
  A gnoll (D:9)
  A white imp (D:9)
  2 orcs (Orc:1)
10 creatures vanquished.

Grand Total: 200 creatures vanquished

Notes
Turn   | Place    | Note
-------+----------+-------------------------------------------
     0 | D:1      | MordorOrchid the Draconian Ice Elementalist began the quest
                  | for the Orb.
     0 | D:1      | Reached XP level 1. HP: 14/14 MP: 3/3
   375 | D:1      | Reached XP level 2. HP: 21/22 MP: 0/5
   523 | D:2      | Reached skill level 1 in Fighting
   556 | D:2      | Noticed Natasha
   558 | D:2      | Noticed a crimson imp
   566 | D:2      | Killed Natasha
   566 | D:2      | Reached XP level 3. HP: 9/28 MP: 0/6
   794 | D:2      | Learned a level 3 spell: Frozen Ramparts
   937 | D:2      | Noticed Natasha
   952 | D:2      | Killed Natasha
   952 | D:2      | Reached XP level 4. HP: 35/35 MP: 3/8
  1049 | D:2      | Noticed Natasha
  1060 | D:2      | Killed Natasha
  1303 | D:2      | Found a hide-covered altar of Uskayaw.
  1586 | D:3      | Found an opulent altar of Gozag.
  1590 | D:3      | Reached skill level 1 in Shields
  1590 | D:3      | Reached XP level 5. HP: 41/41 MP: 2/9
  1936 | D:3      | Learned a level 3 spell: Ozocubu's Armour
  2274 | D:4      | Noticed an ogre
  2286 | D:4      | Killed an ogre
  2286 | D:4      | Reached XP level 6. HP: 48/48 MP: 5/11
  2296 | D:4      | Learned a level 4 spell: Summon Ice Beast
  2408 | D:4      | Found Okefeergh's Mass Market.
  2709 | D:4      | Reached skill level 5 in Ice Magic
  2963 | D:5      | Entered Level 5 of the Dungeon
  3006 | D:5      | Noticed a sky beast
  3023 | D:5      | Killed a sky beast
  3272 | D:5      | Noticed a sky beast
  3283 | D:5      | Killed a sky beast
  3283 | D:5      | Reached skill level 1 in Summonings
  3283 | D:5      | Your scales start taking on a glossy black colour.
  3283 | D:5      | Reached XP level 7. HP: 49/55 MP: 8/13
  3283 | D:5      | Gained mutation: You are resistant to electric shocks.
                  | (rElec) [Black Draconian growth]
  3394 | D:5      | Noticed Prince Ribbit
  3548 | D:5      | Upgraded the game from 0.26-a0-690-gcb57259078 to
                  | 0.26-a0-720-g2a1d101370
  3635 | D:5      | Killed Prince Ribbit
  3635 | D:5      | Reached skill level 5 in Spellcasting
  3635 | D:5      | Reached skill level 6 in Ice Magic
  4148 | D:5      | Reached XP level 8. HP: 48/61 MP: 16/16
  4278 | D:5      | Learned a level 4 spell: Hailstorm
  4339 | D:6      | Found a shadowy altar of Dithmenos.
  4339 | D:6      | Found a sacrificial altar of Ru.
  4340 | D:6      | Found a bloodstained altar of Trog.
  4455 | D:6      | Found a shimmering blue altar of Sif Muna.
  4466 | D:6      | Became a worshipper of Sif Muna the Loreminder
  4562 | D:6      | Reached skill level 1 in Conjurations
  4731 | D:6      | Found a transporter.
  4731 | D:6      | Noticed Scypier's ghost (novice HOMo)
  4732 | D:6      | Found a one-way gate to the infinite horrors of the Abyss.
  4732 | D:6      | Noticed a cyan ugly thing
  4742 | D:6      | Found a transporter.
  4798 | D:6      | Found a staircase to the Ecumenical Temple.
  4905 | D:6      | Found a broken altar of Ashenzari.
  5389 | D:7      | Reached skill level 7 in Ice Magic
  5603 | D:7      | Reached * piety under Sif Muna
  5723 | D:7      | Reached XP level 9. HP: 67/67 MP: 13/18
  5899 | D:7      | Noticed Pikel
  5939 | D:7      | Killed Pikel
  5939 | D:7      | Reached skill level 8 in Ice Magic
  6139 | D:7      | Noticed Joseph
  6352 | D:7      | Noticed Harold
  6510 | D:7      | Killed Harold
  6525 | D:7      | Killed Joseph
  6525 | D:7      | Reached skill level 9 in Ice Magic
  6880 | D:8      | Found an ornate altar of the Wu Jian Council.
  6887 | D:8      | Found a sparkling altar of Nemelex Xobeh.
  6894 | D:8      | Found a burning altar of Makhleb.
  6901 | D:8      | Found an opulent altar of Gozag.
  6908 | D:8      | Found an ancient bone altar of Kikubaaqudgha.
  6915 | D:8      | Found a shimmering altar of Xom.
  6920 | D:8      | Found an iron altar of Okawaru.
  7124 | D:9      | Reached ** piety under Sif Muna
  7211 | D:9      | Reached XP level 10. HP: 73/73 MP: 14/20
  7536 | D:9      | Found a staircase to the Orcish Mines.
  8197 | D:9      | Found a glowing silver altar of Zin.
  8200 | D:9      | Found a glowing golden altar of the Shining One.
  8201 | D:9      | Found a white marble altar of Elyvilon.
  8221 | D:9      | Found Wymuxos's Book Shoppe.
  8485 | D:9      | Upgraded the game from 0.26-a0-720-g2a1d101370 to
                  | 0.26-a0-753-g4680b4fa2e
  8494 | Orc:1    | Entered Level 1 of the Orcish Mines
  8511 | Orc:1    | Noticed an ettin
  8511 | Orc:1    | Noticed an orc warlord
  8528 | Orc:1    | Reached *** piety under Sif Muna
  8543 | Orc:1    | Slain by an ettin

Illustrated notes

Levels and vault maps discovered:
D:1:      dpeg_arrival_tiny_a, layout_basic
D:2:      layout_loops_cross, eat_drink_and_be_merry_uskayaw, uniq_natasha
D:3:      layout_rooms, nicolae_gozag_seed_capital
D:4:      layout_loops_ring, minmay_shop_mass, minivault_27, nrook_campfire
D:5:      layout_basic, uniq_prince_ribbit1
D:6:      layout_basic, ashenzari_altar_1, gammafunk_temple_overflow_forgotten,
          minmay_temple_entry_antechambers, gammafunk_ghost_abyssal_escape,
          led_sif_book
D:7:      layout_rooms, uniq_joseph, uniq_harold, uniq_pikel
D:8:      layout_cave_pools, grunt_temple_overflow_octagram
D:9:      minmay_ornate_pinched, layout_small_grid, good_gods_temple_1,
          orc_0_dummy, serial_shops, shop, st_stairs_8
Orc:1:    layout_caves, enter_bailey_6, serial_shops, nicolae_shop_statue_plus,
          uniq_urug, uniq_gastronok

Skill      XL: |  1  2  3  4  5  6  7  8  9 |
---------------+----------------------------+-----
Dodging        | 2 3 4 |  4.7
Stealth        | 2 3 |  3.0
Fighting       | 1 2 |  2.0
Spellcasting   | 3 4 5 6 7 |  7.5
Shields        | 1 2 3 4 |  4.7
Ice Magic      | 5 6 7 9 |  9.6
Summonings     | 1 2 4 |  4.3
Conjurations   | 1 3 |  3.7
Invocations    | |  0.5
Evocations     | |  0.5

Action                   |  1- 3 |  4- 6 |  7- 9 | 10-12 || total
-------------------------+-------+-------+-------+-------++-------
Melee: Whip              |    10 |     3 |       |       ||    13
       Rapier            |       |    15 |    41 |     8 ||    64
       Tailslap          |       |     2 |     3 |       ||     5
Throw: Dart              |     4 |       |     6 |       ||    10
       Boomerang         |       |       |     7 |       ||     7
 Cast: Freeze            |    23 |    31 |    12 |     4 ||    70
       Frozen Ramparts   |     1 |    18 |    50 |    22 ||    91
       Summon Ice Beast  |       |       |    12 |     7 ||    19
       Hailstorm         |       |       |       |     4 ||     4
 Abil: Breathe Lightning |       |       |    13 |     7 ||    20
  Use: Scroll            |     4 |     2 |     8 |     2 ||    16
 Stab: Sleeping          |     6 |     4 |     2 |       ||    12
Armor: Skin              |     6 |    10 |    41 |    11 ||    68
Dodge: Dodged            |    11 |    25 |    71 |    15 ||   122

Table legend: (Time is in decaauts)
 A = Elapsed time spent in this place.
 B = Non-inter-level travel time spent in this place.
 C = Inter-level travel time spent in this place.
 D = Time resting spent in this place.
 E = Time spent auto-exploring this place.
 F = Levels seen in this place.
 G = Mean time per level.
                   A        B        C        D        E       F      G
               +--------+--------+--------+--------+--------+-----+--------+
         Total |   8558 |   8344 |    214 |    174 |   5708 |  10 |  855.8 |
       Dungeon |   8510 |   8296 |    214 |    174 |   5708 |   9 |  945.6 |
  Orcish Mines |     48 |     48 |      0 |      0 |      0 |   1 |   48.0 |
               +--------+--------+--------+--------+--------+-----+--------+

Top non-repeatable levels by time:
     D:9: 1387 daAuts
     D:5: 1324 daAuts
     D:7: 1308 daAuts
     D:6: 1090 daAuts
     D:2: 905 daAuts
     D:4: 787 daAuts
     D:1: 681 daAuts
     D:3: 591 daAuts
     D:8: 432 daAuts
   Orc:1: 48 daAuts
